 Dungeon Crawl Stone Soup version 0.25.1-2-g60ff931df9 (webtiles) character file.

Game seed: 9749459646348970753

93349 Wabnappa the Carver (level 15, -8/100 HPs)
             Began as a Demonspawn Gladiator on Aug 24, 2020.
             Was the Champion of Okawaru.
             Hit by a silver javelin thrown by a minotaur (13 damage)
             ... on level 15 of the Dungeon.
             The game lasted 01:41:36 (20507 turns).

Wabnappa the Carver (Demonspawn Gladiator)         Turns: 20507, Time: 01:41:36

Health: -8/100     AC: 19    Str: 15    XL:     15   Next: 60%
Magic:  21/23      EV: 34    Int: 10    God:    Okawaru [******]
Gold:   1714       SH: 19    Dex: 33    Spells: 14/14 levels left

rFire    + . .     SeeInvis .   Q - +6 demon blade (flame)
rCold    + + +     Gourm    .   j - +3 buckler {rC+}
rNeg     . . .     Faith    .   T - +3 ring mail of Lugonu {Dex+7}
rPois    .         Spirit   .   (helmet restricted)
rElec    .         Reflect  +   u - scarf {rC+ rF+}
rCorr    .         Harm     .   K - +0 pair of gloves
MR       +....                  C - +1 pair of boots
Stlth    ++........             P - amulet of reflection
HPRegen  0.26/turn              b - +6 ring of dexterity
MPRegen  0.18/turn              F - +4 ring of evasion

@: liquid flames, heroism, glowing
A: antennae 2, thin metallic scales 2, cold resistance 1, foul stench 1, spiny
2, rot immunity
a: Heroism, Finesse, Renounce Religion


You were on level 15 of the Dungeon.
You worshipped Okawaru.
Okawaru was exalted by your worship.
You were hungry.

You visited 4 branches of the dungeon, and saw 23 of its levels.

You collected 1714 gold pieces.

Inventory:

Hand Weapons
 Q - a +6 demon blade of flaming (weapon)
Armour
 h - the +3 tower shield of Defiance {rElec rC++ Dex-5}
   (Okawaru gifted it to you on level 14 of the Dungeon)

   It affects your dexterity (-5).
   It greatly protects you from cold.
   It insulates you from electricity.
 j - a +3 buckler of cold resistance (worn)
 n - the +7 chain mail of the Weaver {rPois Int+4 SInv}
   (You found it on level 14 of the Dungeon)

   It affects your intelligence (+4).
   It protects you from poison.
   It lets you see invisible.
 u - a scarf of resistance (worn)
 w - the +0 ring mail "Nyenwon" {+Blink rPois}
   (You found it on level 14 of the Dungeon)

   It protects you from poison.
   It lets you blink.
 z - the +2 leather armour of a treasure trove {rF++ rN+ Regen+ Dex-3}
   (You found it on level 3 of the Lair of Beasts)

   It affects your dexterity (-3).
   It greatly protects you from fire.
   It protects you from negative energy.
   It increases your rate of regeneration.
 C - a +1 pair of boots (worn)
 K - a +0 pair of gloves (worn)
 T - the +3 ring mail of Lugonu (worn) {Dex+7}
   (You found it on level 15 of the Dungeon)

   It affects your dexterity (+7).
Jewellery
 b - a +6 ring of dexterity (left hand)
 F - a +4 ring of evasion (right hand)
 P - an amulet of reflection (around neck)
Wands
 o - a wand of acid (19)
 I - a wand of iceblast (26)
 J - a wand of polymorph (19)
 L - a wand of clouds (15)
 W - a wand of paralysis (4)
Scrolls
 e - 17 scrolls of teleportation
 i - 2 scrolls of magic mapping
 l - a scroll of fog
 m - 12 scrolls of remove curse
 p - 2 scrolls of immolation {unknown}
 q - 2 scrolls of fear
 r - a scroll of holy word {unknown}
 x - a scroll of brand weapon {unknown}
 A - 3 scrolls of random uselessness {unknown}
 B - 2 scrolls of silence {unknown}
 D - a scroll of vulnerability {unknown}
 E - 3 scrolls of blinking
 H - a scroll of acquirement {unknown}
 S - a scroll of summoning
Potions
 a - 3 potions of lignification
 c - a potion of haste
 t - a potion of might
 G - a potion of magic
 M - a potion of flight
 N - 2 potions of cancellation {unknown}
 U - 2 potions of ambrosia
 X - 2 potions of stabbing
Miscellaneous
 R - a phial of floods
Comestibles
 f - 52 rations


   Skills:
 + Level 3.8(8.8) Fighting
 + Level 12.4(17.4) Long Blades
 - Level 1.7(6.7) Throwing
 - Level 12.1(17.1) Armour
 - Level 12.0(17.0) Dodging
 - Level 12.0(17.0) Shields
 - Level 11.0 Evocations


You had 14 spell levels left.
You didn't know any spells.
Your spell library contained the following spells:

 Spells                   Type           Power        Failure   Level  Hunger
 Animate Skeleton         Necr           N/A          50%         1    ##.....
 Corona                   Hex            #......      50%         1    ##.....
 Freeze                   Ice            #...         50%         1    ##.....
 Pain                     Necr           #...         50%         1    ##.....
 Sandblast                Erth           #.....       50%         1    ##.....
 Ensorcelled Hibernation  Hex/Ice        #.....       65%         2    ###....
 Passwall                 Tmut/Erth      #.......     65%         2    ###....
 Confusing Touch          Hex            #.......     86%         3    ####...
 Dazzling Flash           Conj/Hex       #.....       86%         3    ####...
 Frozen Ramparts          Ice            #.....       86%         3    ####...
 Ozocubu's Armour         Chrm/Ice       #.......     86%         3    ####...
 Stone Arrow              Conj/Erth      #.....       86%         3    ####...
 Tukima's Dance           Hex            #.......     86%         3    ####...
 Vampiric Draining        Necr           #.........   86%         3    ####...
 Animate Dead             Necr           N/A          99%         4    #####..
 Hailstorm                Conj/Ice       #.......     99%         4    #####..
 Petrify                  Tmut/Erth      #.......     99%         4    #####..
 Summon Ice Beast         Ice/Summ       #.......     99%         4    #####..
 Agony                    Necr           #.......     100%        5    ######.
 Borgnjor's Vile Clutch   Necr/Erth      #.........   100%        5    ######.
 Lee's Rapid Deconstruct  Erth           #.........   100%        5    ######.
 Silence                  Hex/Air        #.........   100%        5    ######.
 Darkness                 Hex            #.........   100%        6    #######
 Shadow Creatures         Summ           N/A          100%        6    #######


Dungeon Overview and Level Annotations

Branches:
Dungeon (15/15)            Temple (1/1) D:7            Lair (6/6) D:10
  Swamp (1/4) Lair:3        Snake (0/4) Lair:2        Slime (0/5) Lair:6
    Orc (0/2) D:12         Vaults (0/5) D:13         Depths (0/5) D:15

Altars:
Ashenzari
Cheibriados
Dithmenos
Elyvilon
Fedhas
Gozag
Hepliaklqana
Kikubaaqudgha
Makhleb
Nemelex Xobeh
Okawaru
Qazlal
Ru
Sif Muna
Trog
Uskayaw
Vehumet
Wu Jian
Xom
Yredelemnul
Zin
The Shining One
Jiyva

Shops:
D:9 :   D:12 [(


Innate Abilities, Weirdness & Mutations

You have a pair of antennae on your head.
You are mostly covered in thin metallic scales. (AC +3)
Your flesh is cold resistant. (rC+)
You may emit foul miasma when damaged in melee.
You are mostly covered in sharp spines.
You are immune to rotting.


Message History

You are feeling hungry.
You block Enoiph's ghost's attack.
You barely miss Enoiph's ghost.
Enoiph's ghost is severely damaged.
You are covered in liquid flames!
You slash Enoiph's ghost! You burn Enoiph's ghost.
Enoiph's ghost is almost destroyed.
You are covered in liquid flames!
Enoiph's ghost sprays you with burning goo.
The sticky flame hits you but does no damage.
You are covered in liquid flames!
You slash Enoiph's ghost! You burn Enoiph's ghost.
You destroy Enoiph's ghost!
Okawaru is honoured by your kill.
You are covered in liquid flames!
The minotaur throws a silver javelin.
The silver javelin pierces through you!!
* * * LOW HITPOINT WARNING * * *
The silver sears you!
You die...

.# #.#.!#.#..#.#.###.#.[..#.. .#
#.##...).##.#.##..#....... .#
#.#.#...#.#.#.#.#.####.#.# .#
#.#.#.#...#.#..##......... .#
#.#.#...#.#.#.#.###..).#.. .#
#.#.##..#%#.#.##.#..#..#.. .#
#.#.....D.#.#.###......#.. .#
#.###''T###.#.####.#####.# .#
#......H(@..#.....#.# #..# .#
######.###########.## #.## .#
#.^...# ##########...
.##########.###.#####............
............# #................##
###########.###.##.#############
#.....##.# ###.####.# #......#


You could see a minotaur (resistant, sick), a swamp dragon shaped shifter and a
troll.

Vanquished Creatures
  Gastronok (D:8)
  Kirke (Lair:4)
  The ghost of Enoiph the Bringer of Law, an adept KoGl of Zin (D:15)
  Nessos (D:12)
  6 dire elephants (Lair:6)
  Snorg (Lair:5)
  2 ice dragons (D:15)
  Fannar (Lair:2)
  Harold (D:10)
  Erolcha (D:12)
  15 hydras
  An anaconda (Lair:6)
  6 centaur warriors
  Erica (D:10)
  5 two-headed ogres
  A tengu warrior (D:15)
  Urug (D:12)
  Nergalle (Lair:4)
  3 skeletal warriors (D:13)
  3 unseen horrors
  A deep elf mage (D:14)
  2 orc knights
  Pikel (D:7)
  2 manticores
  3 black mambas
  9 elephants (Lair:6)
  2 gargoyles
  14 spiny frogs
  3 rime drakes
  14 komodo dragons
  A yaktaur (shapeshifter) (D:14)
  2 efreet
  A tengu conjurer (D:13)
  A polar bear (Lair:3)
  6 trolls
  A hornet (Swamp:1)
  9 slime creatures
  A tyrant leech (Lair:3)
  A bog body (Swamp:1)
  A hippogriff (shapeshifter) (D:13)
  8 hippogriffs
  4 blink frogs (Lair:1)
  5 wyverns
  A vampire (D:10)
  A spriggan (Swamp:1)
  17 humans
  3 wraiths
  8 hogs
  Eustachio (D:5)
  46 yaks
  3 basilisks
  Grum (D:11)
  16 vampire mosquitoes
  3 hungry ghosts
  4 swamp worms (Swamp:1)
  An acid dragon (D:12)
  7 porcupines
  13 water moccasins
  2 hornet zombies
  6 ice beasts
  5 orc warriors
  3 sky beasts
  A black bear (Lair:2)
  An eye of draining (shapeshifter) (D:14)
  2 eyes of draining
  2 necrophages
  21 wolves
  21 centaurs
  A boggart (D:14)
  9 ogres
  15 crocodiles
  4 big kobolds
  Blork the orc (D:6)
  A gnoll sergeant (D:7)
  16 bullfrogs
  A wyvern zombie (D:14)
  11 scorpions
  16 killer bees
  7 wights
  3 electric eels
  A vampire bat (D:9)
  4 crimson imps
  10 hounds
  5 centaur zombies
  2 jellies (D:10)
  6 orc priests
  2 bullfrog skeletons
  Terence (D:2)
  7 centaur skeletons
  An iguana (D:7)
  9 orc wizards
  7 hell rats
  12 worker ants
  2 hound zombies
  A hound skeleton (D:9)
  A howler monkey skeleton (D:9)
  9 gnolls
  21 adders
  9 river rats (Lair:2)
  6 shadow imps
  An adder zombie (D:5)
  2 adder skeletons
  2 worms
  A dart slug (D:4)
  5 leopard geckos
  31 orcs
  3 bat skeletons (D:9)
  3 bat zombies (D:9)
  2 giant cockroaches
  4 goblins
  3 hobgoblins
  16 jackals
  29 kobolds
  4 quokkas
  A ball python (D:7)
  11 bats
  10 frilled lizards
  A jackal skeleton (D:5)
  A jackal zombie (D:4)
  10 rats
  A spectral orc (D:3)
  A fungus (Lair:5)
  6 plants
683 creatures vanquished.

Vanquished Creatures (others)
  A shadow (D:14)
  A sky beast (D:15)
  A bullfrog (D:7)
  An electric eel (Lair:4)
  A kobold (D:7)
  A quokka (D:2)
  6 fungi
  7 plants
19 creatures vanquished.

Grand Total: 702 creatures vanquished

Notes
Turn   | Place    | Note
-------+----------+-------------------------------------------
     0 | D:1      | Wabnappa the Demonspawn Gladiator began the quest for the
                  | Orb.
     0 | D:1      | Reached XP level 1. HP: 16/16 MP: 1/1
   248 | D:1      | Gained mutation: You are partially covered in sharp spines.
                  | [demonic ancestry]
   248 | D:1      | Reached XP level 2. HP: 22/22 MP: 2/2
  1226 | D:2      | Gained mutation: You are immune to rotting. [demonic
                  | ancestry]
  1226 | D:2      | Reached XP level 3. HP: 24/27 MP: 3/3
  1389 | D:2      | Found a white marble altar of Elyvilon.
  1399 | D:2      | Noticed Terence
  1414 | D:2      | Killed Terence
  1477 | D:2      | Reached XP level 4. HP: 15/33 MP: 4/4
  1603 | D:2      | Reached skill level 1 in Armour
  1911 | D:2      | Found a hazy altar of Hepliaklqana.
  1911 | D:2      | Found a stormy altar of Qazlal.
  1911 | D:2      | Found a radiant altar of Vehumet.
  1911 | D:2      | Found a hide-covered altar of Uskayaw.
  2390 | D:3      | Found a glowing golden altar of the Shining One.
  2577 | D:3      | Noticed a centaur
  2586 | D:3      | Killed a centaur
  2586 | D:3      | Gained mutation: You are mostly covered in sharp spines.
                  | [demonic ancestry]
  2586 | D:3      | Reached XP level 5. HP: 13/38 MP: 5/5
  2921 | D:3      | Found a basalt altar of Yredelemnul.
  3874 | D:4      | Noticed a moth of wrath
  3877 | D:4      | Found a bloodstained altar of Trog.
  3928 | D:4      | Noticed an ogre
  3938 | D:4      | Killed an ogre
  3938 | D:4      | Gained mutation: You have a pair of small antennae on your
                  | head. [demonic ancestry]
  3938 | D:4      | Reached XP level 6. HP: 33/44 MP: 4/6
  4161 | D:5      | Entered Level 5 of the Dungeon
  4318 | D:5      | Reached XP level 7. HP: 41/50 MP: 7/7
  4321 | D:5      | Reached skill level 5 in Armour
  4397 | D:5      | Reached skill level 5 in Long Blades
  4603 | D:5      | Found a snail-covered altar of Cheibriados.
  4621 | D:5      | Noticed Eustachio
  4631 | D:5      | Killed Eustachio
  4631 | D:5      | Reached XP level 8. HP: 56/56 MP: 8/8
  5594 | D:6      | Found an opulent altar of Gozag.
  5689 | D:6      | Found an opulent altar of Gozag.
  5750 | D:6      | Noticed Blork the orc
  5754 | D:6      | Killed Blork the orc
  6133 | D:7      | Noticed Pikel
  6150 | D:7      | Killed Pikel
  6150 | D:7      | Gained mutation: You are partially covered in thin metallic
                  | scales. (AC +2) [demonic ancestry]
  6150 | D:7      | Reached XP level 9. HP: 30/61 MP: 9/9
  6290 | D:7      | Found a sparkling altar of Nemelex Xobeh.
  6555 | D:7      | Found a blossoming altar of Fedhas.
  6617 | D:7      | Found a staircase to the Ecumenical Temple.
  6626 | Temple   | Entered the Ecumenical Temple
  6674 | Temple   | Became a worshipper of Warmaster Okawaru
  7085 | D:8      | Noticed Gastronok
  7091 | D:8      | Gained mutation: You may emit foul miasma when damaged in
                  | melee. [demonic ancestry]
  7091 | D:8      | Reached XP level 10. HP: 65/67 MP: 10/10
  7112 | D:8      | Killed Gastronok
  7112 | D:8      | Reached * piety under Okawaru
  7112 | D:8      | Reached skill level 10 in Long Blades
  7112 | D:8      | Reached skill level 10 in Armour
  7511 | D:9      | Reached ** piety under Okawaru
  7566 | D:9      | Found a sacrificial altar of Ru.
  7596 | D:9      | Reached skill level 5 in Dodging
  7653 | D:9      | Found Vadghed's Book Shop.
  7980 | D:9      | Reached *** piety under Okawaru
  8239 | D:9      | Found an ancient bone altar of Kikubaaqudgha.
  8270 | D:10     | Entered Level 10 of the Dungeon
  8282 | D:10     | Noticed Erica
  8305 | D:10     | Killed Erica
  8305 | D:10     | Reached XP level 11. HP: 53/72 MP: 11/11
  8341 | D:10     | Noticed a two-headed ogre
  8350 | D:10     | Killed a two-headed ogre
  8360 | D:10     | Noticed Harold
  8370 | D:10     | Killed Harold
  8680 | D:10     | Noticed a two-headed ogre
  8692 | D:10     | Killed a two-headed ogre
  8692 | D:10     | Reached **** piety under Okawaru
  8692 | D:10     | Received a gift from Okawaru
  8743 | D:10     | Found a staircase to the Lair.
  8896 | Lair:1   | Entered Level 1 of the Lair of Beasts
  9049 | Lair:1   | Reached skill level 10 in Dodging
  9102 | Lair:1   | Reached ***** piety under Okawaru
  9768 | Lair:2   | Found a staircase to the Snake Pit.
  9801 | Lair:2   | Noticed Fannar
  9804 | Lair:2   | Noticed a five-headed hydra
  9922 | Lair:2   | Killed Fannar
  9922 | Lair:2   | Gained mutation: You are mostly covered in thin metallic
                  | scales. (AC +3) [demonic ancestry]
  9922 | Lair:2   | Reached XP level 12. HP: 48/78 MP: 12/12
  9991 | Lair:2   | Reached ****** piety under Okawaru
 10149 | Lair:2   | Killed a three-headed hydra
 10149 | Lair:2   | Received a gift from Okawaru
 10741 | Lair:3   | Noticed a four-headed hydra
 10752 | Lair:3   | Killed a one-headed hydra
 10844 | Lair:3   | Got a pitted leather armour
 10845 | Lair:3   | Identified the +2 leather armour of a treasure trove {rF++
                  | rN+ Regen+ Dex-3} (You found it on level 3 of the Lair of
                  | Beasts)
 10993 | Lair:3   | You fall into a shaft and drop 2 floors!
 11118 | Lair:5   | Reached skill level 1 in Shields
 11128 | Lair:5   | Noticed a seven-headed hydra
 11142 | Lair:5   | Killed a four-headed hydra
 11268 | Lair:5   | Received a gift from Okawaru
 11434 | Lair:5   | Found a glowing golden altar of the Shining One.
 11487 | Lair:5   | Noticed Snorg
 11596 | Lair:5   | Killed Snorg
 11596 | Lair:5   | Reached skill level 5 in Shields
 11596 | Lair:5   | Gained mutation: You have a pair of antennae on your head.
                  | [demonic ancestry]
 11596 | Lair:5   | Reached XP level 13. HP: 83/83 MP: 5/13
 11943 | Lair:6   | Entered Level 6 of the Lair of Beasts
 12099 | Lair:6   | Found a staircase to the Slime Pits.
 12099 | Lair:6   | Found a viscous altar of Jiyva.
 12116 | Lair:6   | Received a gift from Okawaru
 12134 | Lair:6   | Received a gift from Okawaru
 12178 | Lair:6   | Received a gift from Okawaru
 12370 | Lair:6   | Received a gift from Okawaru
 12373 | Lair:6   | Got a pitted hat {god gift}
 12379 | Lair:6   | Identified the +1 hat "Esiexac" {rF+ rCorr Int-5 Stlth+}
                  | (Okawaru gifted it to you on level 6 of the Lair of Beasts)
 13125 | Lair:6   | Noticed a dire elephant
 13125 | Lair:6   | Noticed a dire elephant
 13147 | Lair:6   | Killed a dire elephant
 13168 | Lair:6   | Killed a dire elephant
 13168 | Lair:6   | Reached skill level 10 in Shields
 13196 | Lair:6   | Noticed a dire elephant
 13216 | Lair:6   | Killed a dire elephant
 13267 | Lair:6   | Noticed a dire elephant
 13269 | Lair:6   | Noticed a dire elephant
 13292 | Lair:6   | Killed a dire elephant
 13298 | Lair:6   | Killed a dire elephant
 13362 | Lair:6   | Noticed a dire elephant
 13378 | Lair:6   | Killed a dire elephant
 13740 | Lair:4   | Reached XP level 14. HP: 90/90 MP: 14/14
 13788 | Lair:4   | Noticed Nergalle
 13798 | Lair:4   | Killed Nergalle
 13798 | Lair:4   | Received a gift from Okawaru
 13839 | Lair:4   | Noticed Kirke
 13848 | Lair:4   | Noticed a sphinx
 14304 | Lair:4   | Killed Kirke
 14563 | Lair:4   | Found a stormy altar of Qazlal.
 14915 | Lair:3   | Received a gift from Okawaru
 14958 | Lair:3   | You fall into a shaft and drop 3 floors!
 15158 | Lair:3   | Found a staircase to the Swamp.
 15422 | Swamp:1  | Entered Level 1 of the Swamp
 16004 | D:11     | Found a basalt altar of Yredelemnul.
 16246 | D:11     | Noticed Grum
 16259 | D:11     | Killed Grum
 16711 | D:12     | Noticed Urug
 16719 | D:12     | Killed Urug
 16719 | D:12     | Reached skill level 1 in Evocations
 16759 | D:12     | Received a gift from Okawaru
 16884 | D:12     | Found Rerynn's Weapon Shoppe.
 16884 | D:12     | Found a staircase to the Orcish Mines.
 16884 | D:12     | Found Kuheps's Armour Shoppe.
 16884 | D:12     | Noticed Erolcha
 16906 | D:12     | Paralysed by something for 3 turns
 16911 | D:12     | Killed Erolcha
 17059 | D:12     | Found a radiant altar of Vehumet.
 17070 | D:12     | Found a shimmering altar of Xom.
 17070 | D:12     | Found a shattered altar of Ashenzari.
 17072 | D:12     | Found a glowing silver altar of Zin.
 17072 | D:12     | Found a shattered altar of Ashenzari.
 17072 | D:12     | Found a shimmering altar of Xom.
 17099 | D:12     | Noticed Nessos
 17119 | D:12     | Killed Nessos
 17119 | D:12     | Reached skill level 5 in Evocations
 17417 | D:13     | Found a gate to the Vaults.
 17519 | D:13     | Received a gift from Okawaru
 17816 | D:13     | Gained mutation: Your flesh is cold resistant. (rC+)
                  | [demonic ancestry]
 17816 | D:13     | Reached XP level 15. HP: 95/95 MP: 20/20
 18793 | D:14     | Got an agate-studded ring mail
 18927 | D:14     | Identified the cursed +0 ring mail "Nyenwon" {+Blink rPois}
                  | (You found it on level 14 of the Dungeon)
 19077 | D:14     | Reached skill level 10 in Evocations
 19201 | D:14     | Received a gift from Okawaru
 19328 | D:14     | Got a steaming tower shield {god gift}
 19352 | D:14     | Identified the +3 tower shield of Defiance {rElec rC++
                  | Dex-5} (Okawaru gifted it to you on level 14 of the
                  | Dungeon)
 19385 | D:14     | Got a faintly glowing chain mail
 19426 | D:14     | Identified the +7 chain mail of the Weaver {rPois Int+4
                  | SInv} (You found it on level 14 of the Dungeon)
 19577 | D:15     | Entered Level 15 of the Dungeon
 19915 | D:15     | Noticed Enoiph's ghost (adept KoGl)
 19933 | D:15     | Found a runed translucent gate.
 19933 | D:15     | Found a runed translucent gate.
 19933 | D:15     | Found a runed translucent gate.
 19992 | D:15     | Got a dazzling ring mail
 20003 | D:15     | Identified the +3 ring mail of Lugonu {Dex+7} (You found it
                  | on level 15 of the Dungeon)
 20090 | D:15     | Found a staircase to the Depths.
 20507 | D:15     | Killed Enoiph's ghost
 20507 | D:15     | HP: 5/100 [minotaur/silver javelin (29)]
 20507 | D:15     | Hit by a silver javelin thrown by a minotaur

Illustrated notes

Levels and vault maps discovered:
D:1:      lightli_iron_boxes, layout_loops_corners
D:2:      layout_rooms, grunt_temple_overflow_cloverleaf, elyvilon_altar_4,
          uniq_terence
D:3:      layout_loops_ring, yredelemnul_forgotten_temple_becter,
          old_standard_altar
D:4:      layout_basic, tgw_trog, first_ration
D:5:      layout_basic, kennysheep_mini, minmay_fractal_squares_5,
          uniq_eustachio
D:6:      layout_basic, kennysheep_little_box, hex_intersection,
          grunt_gozag_breadcrumbs, uniq_blork_the_orc
D:7:      layout_rooms, nemelex_xobeh_ov_fountains_minmay,
          minmay_temple_entry_poolview, serial_curves, eino_curves_01,
          eino_curves_03, basic_altar, minmay_misc_feat_roman, grunt_livestock,
          uniq_pikel
D:8:      layout_rooms, kennysheep_windowed_goal, uniq_gastronok
D:9:      layout_loops_ring, kennysheep_vampire_church, lemuel_doored_altar,
          serial_undead, serial_undead_e, serial_undead_b, serial_undead_a,
          serial_undead_f, serial_shops, shop_fountains, serial_bayou_pond_e
D:10:     layout_roguey, lair_entry_dummy, serial_bayou_lagoon_a, uniq_harold,
          uniq_erica
D:11:     layout_cave_pods, yredelemnul_altar_generic, uniq_grum
D:12:     layout_roguey, orc_david_3, doesnt_xom_only_xom, uniq_urug,
          uniq_erolcha, uniq_nessos
D:13:     layout_loops_ring, david_vaults_3, minmay_curled_crystal
D:14:     layout_rooms, minmay_staircase_bubble, serial_glass, glass_columns_b,
          glass_columns_b, minmay_strange_pillars, due_unseen_surprise,
          item_on_display_a, item_on_display_a, minmay_alternating_orb
D:15:     grunt_enter_depths_hoard, layout_loops_ring,
          maelrawn_ghost_gauntlet_escape, hangedman_abyss_or_decor_passed,
          grunt_ministairs_10
Temple:   compressed_dpeg_triangle_lava_temple
Lair:1:   beast_lair_carwin_large_2, layout_cave_pods, st_stairs_3,
          grunt_megastairs_3
Lair:2:   layout_chaotic_city, minmay_snake_entry_six_corridors,
          kennysheep_rathole, uniq_fannar
Lair:3:   layout_chaotic_city, minmay_swamp_entry_worms, grunt_megastairs_5,
          lemuel_fruit_fields
Lair:4:   layout_loops_ring, basic_altar, disabler_island, grunt_megastairs_4,
          infiniplex_staircase_pool, uniq_kirke, uniq_nergalle
Lair:5:   layout_cave_pods, basic_altar, serial_bayou_shore_a,
          grunt_megastairs_2, uniq_snorg
Lair:6:   due_jungle_book, layout_cellular_growth, slime_altar_1,
          chequers_serial_rivers_room_b, lemuel_fruit_tree
Swamp:1:  layout_falls_marsh, evilmike_swamp_ruin_house_6

Skill      XL: |  1  2  3  4  5  6  7  8  9 10 11 12 13 14 15 |
---------------+----------------------------------------------+-----
Long Blades    | 3 4 5 7 9 10 11 12 | 12.4
Dodging        | 3 7 11 12 | 12.0
Armour         | 3 4 6 7 9 10 11 12 | 12.1
Shields        | 5 11 12 | 12.0
Evocations     | 7 11 | 11.0
Fighting       | 3 |  3.8
Throwing       | |  1.7

Action                   |  1- 3 |  4- 6 |  7- 9 | 10-12 | 13-15 || total
-------------------------+-------+-------+-------+-------+-------++-------
Melee: Long sword        |    66 |   104 |   244 |   144 |       ||   558
       Falchion          |       |       |       |    34 |       ||    34
       Punch             |       |       |       |     2 |       ||     2
       Scimitar          |       |       |       |   317 |   232 ||   549
       Demon blade       |       |       |       |       |  1009 ||  1009
Throw: Throwing net      |       |       |       |     3 |       ||     3
Invok: Heroism           |       |       |       |     4 |    10 ||    14
       Finesse           |       |       |       |     2 |     3 ||     5
Evoke: Wand              |       |       |       |     1 |    11 ||    12
  Use: Scroll            |       |     8 |     3 |    18 |    14 ||    43
       Potion            |       |     1 |     3 |     6 |     6 ||    16
 Stab: Sleeping          |     2 |       |       |     6 |    11 ||    19
       Held in net/web   |       |       |       |     1 |       ||     1
       Distracted        |       |       |       |       |     1 ||     1
  Eat: Chunk             |     2 |     9 |     9 |    15 |    27 ||    62
       Ration            |       |       |       |       |     1 ||     1
Armor: Leather armour    |    22 |       |       |     5 |       ||    27
       Scale mail        |     4 |    40 |    91 |    18 |       ||   153
       Troll leather arm |       |       |       |    39 |   126 ||   165
       Ring mail         |       |       |       |       |    10 ||    10
       Chain mail        |       |       |       |       |     8 ||     8
Dodge: Dodged            |    45 |    59 |   210 |   378 |   839 ||  1531
Block: Buckler           |       |       |       |    53 |   589 ||   642
       Reflection        |       |       |       |       |    16 ||    16
       Rpst.: Long sword |    18 |    25 |    70 |    36 |       ||   149
       Falchion          |       |       |       |     5 |       ||     5
       Scimitar          |       |       |       |    93 |    49 ||   142
       Demon blade       |       |       |       |       |   143 ||   143
